 Dungeon Crawl Stone Soup version 0.18.1-8-gdd0e5ea (webtiles) character file.

49 manyhoops the Cudgeler (level 3, -2/63 HPs)
             Began as an Ogre Berserker on May 30, 2016.
             Was a Believer of Trog.
             Slain by an adder (4 damage)
             ... on level 2 of the Dungeon.
             The game lasted 00:01:12 (847 turns).

manyhoops the Cudgeler (Ogre Berserker)              Turns: 847, Time: 00:01:13

Health: -2/63      AC:  2    Str: 28    XL:     3   Next: 75%
Magic:  3/3        EV: 10    Int:  6    God:    Trog [**....]
Gold:   31         SH:  0    Dex:  9    Spells: 0 memorised, 2 levels left

rFire  . . .     SeeInvis .     a - +0 mace
rCold  . . .     Gourm    .     g - -1 robe (curse)
rNeg   . . .     Faith    .     (no shield)
rPois  .         Spirit   .     (helmet restricted)
rElec  .         Dismiss  .     (no cloak)
rCorr  .         Reflect  .     (gloves unavailable)
SustAt .         Harm     .     (boots unavailable)
MR     .....                    (no amulet)
Stlth  ..........               (no ring)
                                (no ring)

@: berserking (expiring), lethally poisoned (-2 -> -4), very quick, not
resistant to hostile enchantments, extremely unstealthy
A: unfitting armour, tough skin 1
a: Berserk, Trog's Hand, Burn Spellbooks, Renounce Religion


You were on level 2 of the Dungeon.
You worshipped Trog.
Trog was pleased with you.
You were very hungry.

You visited 1 branch of the dungeon, and saw 2 of its levels.

You collected 31 gold pieces.

Inventory:

Hand Weapons
 a - a +0 mace (weapon)
Armour
 b - a +0 animal skin
 g - a cursed -1 robe (worn)
Scrolls
 i - a scroll of remove curse {unknown}
Potions
 d - 2 potions of curing {unknown}
 e - 2 potions of might {unknown}
 f - a potion of cancellation {unknown}
 h - 2 potions of haste {unknown}
 j - a potion of mutation {unknown}
Comestibles
 c - 2 bread rations


   Skills:
 + Level 5.0 Fighting
 + Level 5.2 Maces & Flails
 - Level 2.6 Dodging


You had 2 spell levels left.
You didn't know any spells.

Dungeon Overview and Level Annotations

Branches:
Dungeon (2/15)

Altars:


Innate Abilities, Weirdness & Mutations

You are too large for most types of armour.
You have tough skin (AC +1).


Message History

You barely miss the adder.
The adder is moderately wounded.
You closely miss the adder.
The adder is moderately wounded.
You feel sick. The adder bites you.
* * * LOW HITPOINT WARNING * * *
The adder closely misses you. The adder completely misses you.
You bludgeon the adder!!
You kill the adder!
Trog accepts your kill.
Your Fighting skill increases to level 5!
The adder bites you.
* * * LOW HITPOINT WARNING * * *
A goblin comes into view. It is wielding an enchanted dagger.
The goblin shouts!
You see here an adder corpse.
You closely miss the adder.
* * * LOW HITPOINT WARNING * * *
You feel sick. The adder bites you.
You die...

# #.# #........... #
#.# #####.......###
###.# #............#
....####.###.......##
##................##
#.###.##.#####....#
.## ##.#.# ##.#.# .#
#...# ####.####.. .##
##...# #..@S......#
#.###.#..#
#.............
##...##..#
#.#.##.####.#.
###.###..# # #. #.# #
###.###..# # #..
##...##..###.# #..#
##............. (g.#
##...##.####... ...
#.....#.# #


You could see an adder and a goblin.

Vanquished Creatures
  An adder (D:2)
  An ooze (D:2)
  2 worms (D:2)
  A dart slug (D:1)
  A giant gecko (D:2)
  2 bats (D:2)
  A giant cockroach (D:2)
  3 goblins (D:2)
  3 hobgoblins
  4 jackals (D:2)
  2 kobolds (D:2)
  A giant newt (D:2)
  2 rats
24 creatures vanquished.

Notes
Turn   | Place    | Note
--------------------------------------------------------------
     0 | D:1      | manyhoops the Ogre Berserker began the quest for the Orb.
     0 | D:1      | Reached XP level 1. HP: 24/24 MP: 1/1
    99 | D:1      | You fall through a shaft!
   105 | D:2      | Reached XP level 2. HP: 31/32 MP: 2/2
   429 | D:2      | Reached XP level 3. HP: 10/40 MP: 3/3
   444 | D:2      | Reached ** piety under Trog
   462 | D:2      | Reached skill level 5 in Maces & Flails
   844 | D:2      | HP: 3/61 [adder (2)]
   845 | D:2      | Reached skill level 5 in Fighting
   847 | D:2      | Slain by an adder

Skill      XL: |  1  2  3 |
---------------+----------+-----
Maces & Flails | 5 |  5.2
Fighting       | 5 |  5.0
Dodging        | |  2.6

Action                   || total
-------------------------++-------
Melee: Mace              ||    87
Invok: Berserk           ||     2
  Use: Scroll            ||     1
Armor: Animal skin       ||     7
       Robe              ||    16
Dodge: Dodged            ||    57
